 Dungeon Crawl Stone Soup version 0.27.1-34-g3ba077fa99 (webtiles) character file.

Game seed: 18220682798434890445

134 Descartes the Grasshopper (level 5, 0/38 HPs)
             Began as a Formicid Warper on Jan 16, 2022.
             Slain by a scorpion (7 damage)
             ... on level 4 of the Dungeon.
             The game lasted 00:04:26 (4235 turns).

Descartes the Grasshopper (Formicid Warper)         Turns: 4235, Time: 00:04:26

Health: 0/38       AC: 11    Str: 16    XL:     5   Next: 40%
Magic:  8/8        EV:  7    Int: 13    God:
Gold:   80         SH:  4    Dex: 10    Spells: 8/8 levels left

rFire    . . .     SeeInvis +   j - +0 war axe (freeze)
rCold    . . .     Faith    .   l - +0 buckler
rNeg     . . .     Spirit   .   u - +0 chain mail
rPois    .         Reflect  .   (helmet unavailable)
rElec    .         Harm     .   h - +1 cloak
rCorr    .         Rampage  .   (no gloves)
Will     .....                  (no boots)
Stlth    ..........             (no amulet)
HPRegen  0.12/turn              o - ring of wizardry
MPRegen  0.11/turn              (no ring)

@: lethally poisoned (0 -> -11)
A: permanent stasis, dig shafts and tunnels, antennae 3, four strong arms
a: Dig, Shaft Self


You were on level 4 of the Dungeon.
You visited 1 branch of the dungeon, and saw 4 of its levels.

You collected 80 gold pieces.

Inventory:

Hand Weapons
 a - a +0 mace
 j - a +0 war axe of freezing (weapon)
Missiles
 c - 5 boomerangs of dispersal (quivered)
 d - 142 stones
 p - 13 sling bullets
 q - 22 poisoned darts
Armour
 h - a +1 cloak (worn)
 k - a +0 ring mail
 l - a +0 buckler (worn)
 u - a +0 chain mail (worn)
Jewellery
 o - a ring of wizardry (left hand)
Scrolls
 b - a scroll of noise {unknown}
 e - a scroll of enchant weapon {unknown}
 f - a scroll of silence {unknown}
 m - 2 scrolls of identify {unknown}
 n - a scroll of immolation {unknown}
 r - a scroll of amnesia {unknown}
Potions
 g - a potion of lignification {unknown}
 i - 3 potions of might {unknown}
 s - a potion of heal wounds {unknown}
 t - 2 potions of magic {unknown}


   Skills:
 - Level 2.1 Fighting
 - Level 1.4(2.0) Axes
 - Level 2.0(2.2) Maces & Flails
 - Level 1.0 Throwing
 + Level 3.1 Armour
 - Level 1.7 Dodging
 + Level 2.2 Shields
 - Level 2.1 Spellcasting
 + Level 3.6 Translocations


You had 8 spell levels left.
You didn't know any spells.
Your spell library contained the following spells:

 Spells                   Type           Power      Damage    Failure   Level
 Gell's Gravitas          Tloc           5%         N/A       71%         3
 Lesser Beckoning         Tloc           5%         N/A       71%         3
 Teleport Other           Tloc           11%        N/A       71%         3
 Summon Small Mammal      Summ           4%         N/A       85%         1
 Portal Projectile        Hex/Tloc       12%        N/A       91%         3
 Call Canine Familiar     Summ           1%         N/A       99%         3
 Ozocubu's Armour         Ice            1%         N/A       99%         3
 Summon Guardian Golem    Hex/Summ       1%         N/A       99%         3
 Blade Hands              Tmut           0%         N/A       100%        5
 Excruciating Wounds      Necr           0%         N/A       100%        5
 Manifold Assault         Tloc           11%        N/A       100%        5
 Metabolic Englaciation   Hex/Ice        0%         N/A       100%        5
 Simulacrum               Ice/Necr       0%         N/A       100%        6
 Blink                    Tloc           Unusable   N/A       N/A         2

Dungeon Overview and Level Annotations

Branches:
Dungeon (4/15)
 Temple: D:4-7

Altars:


Innate Abilities, Weirdness & Mutations

You cannot be hasted, slowed, berserked, paralysed or teleported.
You can dig through walls and to a lower floor.
You have a pair of large antennae on your head. (SInv)
Your four strong arms can wield two-handed weapons with a shield.


Message History

You slash the scorpion! You freeze the scorpion.
The scorpion is severely wounded.
The scorpion stings you but does no damage.
The scorpion stings you.
You barely miss the scorpion.
The scorpion is severely wounded.
The scorpion stings you but does no damage.
You hit the scorpion but do no damage.
The scorpion is severely wounded.
The scorpion stings you but does no damage.
The scorpion stings you.
You are poisoned.
The scorpion poisons you!
You barely miss the scorpion.
The scorpion is severely wounded.
You feel very sick. You block the scorpion's attack. The scorpion stings you.
You are more poisoned.
The scorpion poisons you!
You closely miss the scorpion.
The scorpion is severely wounded.
You feel extremely sick. The scorpion stings you.
You are too injured to fight recklessly!
You are too injured to fight recklessly!
You are too injured to fight recklessly!
You are too injured to fight recklessly!
You are too injured to fight recklessly!
You are too injured to fight recklessly!
You are too injured to fight recklessly!
You are too injured to fight recklessly!
You are too injured to fight recklessly!
You are too injured to fight recklessly!
You are too injured to fight recklessly!
You closely miss the scorpion.
The scorpion is severely wounded.
* * * LOW HITPOINT WARNING * * *
You feel very sick. The scorpion stings you!
You die...

........# ........#
#### ........###..#
............<#
.........#...#
........##...#######
......s.............
...$...@....########
............#
#...........#
#...........#
#...........#
##.........##
##...#....#
#####..... .......


You could see a scorpion.

Vanquished Creatures
  5 adders
  2 worms (D:2)
  3 dart slugs
  4 orcs (D:3)
  4 ball pythons
  12 endoplasms
  A giant cockroach (D:2)
  10 goblins
  11 hobgoblins
  3 jackals (D:1)
  2 quokkas (D:2)
  A bat (D:1)
  4 frilled lizards
  4 kobolds
  3 rats
69 creatures vanquished.

Notes
Turn   | Place    | Note
-------+----------+-------------------------------------------
     0 | D:1      | Descartes the Formicid Warper began the quest for the Orb.
     0 | D:1      | Reached XP level 1. HP: 16/16 MP: 3/3
   444 | D:1      | Reached XP level 2. HP: 12/22 MP: 5/5
  1122 | D:1      | Reached XP level 3. HP: 27/27 MP: 6/6
  2008 | D:2      | Reached skill level 1 in Shields
  2008 | D:2      | Reached XP level 4. HP: 28/33 MP: 7/7
  2149 | D:2      | Reached skill level 1 in Axes
  2728 | D:3      | Reached XP level 5. HP: 38/38 MP: 8/8
  4235 | D:4      | Slain by a scorpion

Illustrated notes

Levels and vault maps discovered:
D:1:      minmay_arrival_shattered_statue, layout_basic
D:2:      layout_rooms, minmay_indecisive_spiral
D:3:      layout_loops_ring, serial_co_window_serial, co_window_cross_1,
          co_window_paths_a, co_window_paths_b, co_window_corner_a,
          co_window_corner_a, co_window_unsneaky_path_d, co_window_corner_b,
          co_window_of_opportunity_c, co_window_paths_c, co_window_paths_d,
          co_window_4corner_a, glass_columns_b, glass_columns_c,
          kennysheep_nondescript, kennysheep_generic_room_16
D:4:      layout_rooms, sigmund_edmund_badplayer

Skill      XL: |  1  2  3  4  5 |
---------------+----------------+-----
Translocations | 3 |  3.6
Armour         | 2 3 |  3.1
Shields        | 1 2 |  2.2
Axes           | 1 |  1.4
Fighting       | |  2.1
Maces & Flails | |  2.0
Throwing       | |  1.0
Dodging        | |  1.7
Spellcasting   | |  2.1

Action                   |  1- 3 |  4- 6 || total
-------------------------+-------+-------++-------
Melee: Mace              |    43 |       ||    43
       War axe           |    35 |    99 ||   134
Armor: Leather armour    |    22 |       ||    22
       Ring mail         |    16 |    30 ||    46
       Chain mail        |       |     4 ||     4
Dodge: Dodged            |    51 |    35 ||    86
Block: Buckler           |       |    16 ||    16
